 Dungeon Crawl Stone Soup version 0.23.2-33-g5129a83184 (webtiles) character file.

Game seed: 11221744098182065467

356 Morrissey the Chopper (level 6, -13/55 HPs)
             Began as a Draconian Berserker on July 13, 2019.
             Was a Believer of Trog.
             Mangled by an ogre
             ... wielding a +0 giant club
              (21 damage)
             ... on level 4 of the Dungeon.
             The game lasted 00:08:00 (3395 turns).

Morrissey the Chopper (Draconian Berserker)         Turns: 3395, Time: 00:08:01

Health: -13/55     AC:  7    Str: 21    XL:     6   Next: 36%
Magic:  6/6        EV: 14    Int:  7    God:    Trog [**....]
Gold:   134        SH:  0    Dex: 11    Spells: 5/5 levels left

rFire    + . .     SeeInvis .   a - +0 hand axe
rCold    + . .     Gourm    .   (no shield)
rNeg     . . .     Faith    .   (armour unavailable)
rPois    +         Spirit   .   (helmet restricted)
rElec    +         Reflect  .   (no cloak)
rCorr    +         Harm     .   k - +0 pair of gloves
MR       .....                  (no boots)
Stlth    +.........             (no amulet)
HPRegen  0.18/turn              m - +1 ring of evasion
MPRegen  0.10/turn              s - ring of poison resistance

@: about to teleport, resistant, berserk cooldown, slowed, very slow
A: unfitting armour, cold-blooded, AC +6
a: Berserk, Trog's Hand, Renounce Religion


You were on level 4 of the Dungeon.
You worshipped Trog.
Trog was pleased with you.
You were not hungry.

You visited 1 branch of the dungeon, and saw 4 of its levels.

You collected 134 gold pieces.

Inventory:

Hand Weapons
 a - a +0 hand axe (weapon)
 p - the +2 mace of the Warrior {crush, -Tele rPois Str+8 Dex+4}
   (You found it on level 4 of the Dungeon)

   It inflicts extra damage upon your enemies.
   It affects your strength (+8).
   It affects your dexterity (+4).
   It protects you from poison.
   It prevents most forms of teleportation.
Armour
 k - a +0 pair of gloves (worn)
Jewellery
 e - a +2 ring of intelligence
 h - an uncursed ring of resist corrosion
 m - a +1 ring of evasion (left hand)
 s - a ring of poison resistance (right hand)
Scrolls
 f - a scroll of magic mapping
 g - a scroll of teleportation
 t - a scroll of blinking {unknown}
Potions
 c - 2 potions of lignification
 i - a potion of magic {unknown}
 j - a potion of heal wounds {unknown}
 l - a potion of flight {unknown}
 n - a potion of brilliance {unknown}
 u - a potion of agility {unknown}
Comestibles
 b - 3 rations


   Skills:
 + Level 4.8 Fighting
 * Level 5.5 Axes
 + Level 4.0 Dodging


You had 5 spell levels left.
You didn't know any spells.
Your spell library was empty.

Dungeon Overview and Level Annotations

Branches:
Dungeon (4/15)             Temple (0/1) D:4

Altars:
Elyvilon
Hepliaklqana
Ru
Sif Muna
Trog

Shops:
D:4 [


Innate Abilities, Weirdness & Mutations

Your plain brown scales are hard. (AC +6)
You cannot fit into any form of body armour.
You are cold-blooded and may be slowed by cold attacks.


Message History

Unknown command.
You hit the ogre. You tail-slap the ogre.
The ogre is moderately wounded.
The ogre hits you with a +0 giant club!
The orc wizard mumbles some strange words.
The orc wizard seems to speed up.
Unknown command.
You hit the ogre but do no damage.
The ogre is moderately wounded.
The ogre hits you with a +0 giant club!!
* * * LOW HITPOINT WARNING * * *
Unknown command.
It was a potion of resistance.
You feel protected. The ogre closely misses you. x2
Unknown command.
As you read the scroll of teleportation, it crumbles to dust.
You feel strangely unstable.
The ogre hits you with a +0 giant club!!
You die...

#... #... #
###. .# #.
##.#### #.
#####.......
#.
#oo.o.....[.
#.
#O###.......
#. #@#
.o..... #.
#.# .......
#. #.#
....... #.
#.# .......
#. #.#
....... #.
#.# .......
#. #.# #.
#.# #. #.#
#.


You could see an ogre, an orc wizard and an orc.

Vanquished Creatures
  2 scorpions (D:4)
  3 orc priests
  A centaur skeleton (D:4)
  Terence (D:2)
  A worker ant (D:4)
  An adder (D:2)
  An adder skeleton (D:4)
  2 worms (D:2)
  A dart slug (D:1)
  2 leopard geckos
  4 orcs (D:3)
  5 giant cockroaches
  7 goblins
  5 hobgoblins (D:1)
  A jackal (D:1)
  7 kobolds
  4 quokkas
  9 bats
  2 frilled lizards
  6 rats
65 creatures vanquished.

Notes
Turn   | Place    | Note
-------+----------+-------------------------------------------
     0 | D:1      | Morrissey the Draconian Berserker began the quest for the
                  | Orb.
     0 | D:1      | Reached XP level 1. HP: 19/19 MP: 1/1
   163 | D:1      | Reached XP level 2. HP: 26/26 MP: 2/2
   474 | D:1      | Reached XP level 3. HP: 22/31 MP: 3/3
   708 | D:1      | Reached ** piety under Trog
   926 | D:2      | Noticed Terence
   935 | D:2      | Killed Terence
   935 | D:2      | Reached skill level 4 in Axes
  1011 | D:2      | Reached XP level 4. HP: 40/40 MP: 4/4
  1397 | D:2      | Found a faded altar of an unknown god.
  1640 | D:2      | Found a sacrificial altar of Ru.
  1838 | D:3      | Found a bloodstained altar of Trog.
  1899 | D:3      | Reached XP level 5. HP: 46/46 MP: 5/5
  2046 | D:3      | Found a deep blue altar of Sif Muna.
  2138 | D:3      | Found a white marble altar of Elyvilon.
  2194 | D:3      | Found a hazy altar of Hepliaklqana.
  2758 | D:4      | Got a crude mace
  2759 | D:4      | Identified the cursed +2 mace of the Warrior {crush, -Tele
                  | rPois Str+8 Dex+4} (You found it on level 4 of the Dungeon)
  2783 | D:4      | Found a staircase to the Ecumenical Temple.
  2794 | D:4      | Found Piofox's Antique Armour Emporium.
  2810 | D:4      | Reached skill level 5 in Axes
  3083 | D:4      | Reached XP level 6. HP: 24/53 MP: 6/6
  3395 | D:4      | Mangled by an ogre

Skill      XL: |  1  2  3  4  5  6 |
---------------+-------------------+-----
Dodging        | 3 4 |  4.0
Axes           | 4 5 |  5.5
Fighting       | 4 |  4.8

Action                   |  1- 3 |  4- 6 || total
-------------------------+-------+-------++-------
Melee: Hand axe          |    90 |   111 ||   201
       Tailslap          |    12 |    17 ||    29
Invok: Berserk           |     2 |     5 ||     7
  Use: Scroll            |       |     8 ||     8
       Potion            |       |     2 ||     2
 Stab: Sleeping          |     1 |       ||     1
  Eat: Chunk             |     2 |     6 ||     8
       Ration            |       |     2 ||     2
Armor: Skin              |    30 |    19 ||    49
Dodge: Dodged            |    65 |    87 ||   152
